 Dungeon Crawl Stone Soup version 0.30.1-11-g7821555f0a (webtiles) character file.

Game seed: 10592371376795224419

336 lonewolfV2 the Trooper (level 6, 0/52 HPs)
             Began as a Formicid Fighter on Nov 17, 2023.
             Slain by a bullfrog (5 damage)
             ... in a sewer.
             The game lasted 00:02:59 (1978 turns).

lonewolfV2 the Trooper (Formicid Fighter)           Turns: 1978, Time: 00:03:00

Health: 0/52       AC:  6    Str: 20    XL:     6   Next: 84%
Magic:  6/6        EV:  9    Int:  8    God:
Gold:   74         SH:  6    Dex: 15    Spells: 5/5 levels left

rFire   . . .        a - +0 war axe (heavy)
rCold   . . .        c - +1 buckler
rNeg    . . .        b - +0 scale mail
rPois   .            (helmet unavailable)
rElec   .            (no cloak)
rCorr   .            (no gloves)
SInv    +            (no boots)
Will    .....        (no amulet) Stlth
                     (no ring)
HPRegen 0.28/turn    (no ring)
MPRegen 0.10/turn

%: no passive effects
@: no status effects
A: permanent stasis, dig shafts and tunnels, antennae 3, four strong arms
a: Dig


You were in a sewer.
You visited 1 branch of the dungeon, and saw 3 of its levels.
You also visited: Sewer.

You collected 74 gold pieces.

Inventory:

Hand Weapons
 a - a +0 heavy war axe (weapon)
Armour
 b - a +0 scale mail (worn)
 c - a +1 buckler (worn)
 h - a +0 pair of boots
Scrolls
 i - 3 scrolls of fog
Potions
 d - 2 potions of might
 e - a potion of curing
 f - a potion of resistance
 g - a potion of invisibility
 j - a potion of magic {unknown}


   Skills:
 + Level 6.0 Fighting
 + Level 4.9 Axes
 - Level 3.2 Armour
 - Level 4.0 Shields


You had 5 spell levels left.
You didn't know any spells.
Your spell library was empty.

Dungeon Overview and Level Annotations

Branches:
Dungeon (3/15)              Sewer (1/1)

Altars:


Innate Abilities, Weirdness & Mutations

You cannot be hasted, slowed, berserked, paralysed or teleported.
You can dig through walls and to a lower floor.
You have a pair of large antennae on your head. (SInv)
Your four strong arms can wield two-handed weapons with a shield.


Message History

The endoplasm freezes you.
You are frozen.
The bullfrog hits you but does no damage.
You block the quokka's attack.
The endoplasm hits you but does no damage.
The giant cockroach splashes around in the water.
You closely miss the bullfrog. You slice the endoplasm!!
You kill the endoplasm!
You slash the quokka!
You kill the quokka!
You slash the giant cockroach!
You kill the giant cockroach!
The bullfrog hits you! The bullfrog barely misses you.
You block the bullfrog's attack. The ball python closely misses you. x2
The bullfrog hits you.
The bullfrog hits you but does no damage.
The ball python bites you. You block the ball python's attack.
Your Fighting skill increases to level 6!
You slash the ball python!
You kill the ball python!
You closely miss the bullfrog. You slash the bullfrog!
The bullfrog barely misses you. You block the bullfrog's attack.
The bullfrog barely misses you. The bullfrog hits you.
The bullfrog barely misses you. The bullfrog hits you.
You closely miss the bullfrog. You slash the bullfrog!
The bullfrog barely misses you.
The bullfrog hits you but does no damage.
You block the bullfrog's attack. The bullfrog hits you.
The bullfrog hits you but does no damage.
The bullfrog closely misses you. You block the bullfrog's attack.
The bullfrog misses you. The bullfrog hits you. x2
You barely miss the bullfrog.
The bullfrog is almost dead.
You hit the bullfrog. The bullfrog hits you!
* * * LOW HITPOINT WARNING * * *
The bullfrog hits you!
* * * LOW HITPOINT WARNING * * *
The bullfrog barely misses you. The bullfrog closely misses you.
The bullfrog hits you.
You die...

####..~~~~~..~~####.~∩#
##..#~~~.~#####~†.~#####
####~~~#######~∩~#~~~.~.~##
##~.~~~~~#..~~.~~~####~~~~~#
##~~.~#~~##~..~.~~.~~~###~~.~
#~~~~##~†#~~#######~~~~~##~~~
##~.~##~~##.~#~~.≈≈###~~~~##~~
#~~~~#.~~#~~..~~~.~≈≈##.~~~#~~
##~~~##~~~#~~~@~~~~..≈{##~~~##~
#..~~#~.~~#~~FF$~~~~~~ #.~..#~
#∩.~~#~.~~#~~.??).~... #~~~~#.
#.~~~#~~.~#≈~~.)!).~~~ #~~~~#~
##~~.##~.~##≈~~..~~~≈≈ ##~.~##~
#~~~~#.~~~##≈≈~.~≈≈≈≈##~..~#..
##.~~##~~~~###≈≈≈≈≈###~†~.##†~
#~~~~##~~~.~#######~~.~~##..~
##~~~†###~~~~~~.~~~~~~###~..~


You could see 2 bullfrogs.

Vanquished Creatures
  Sigmund (D:2)
  Natasha (thrice) (D:2)
  2 adders
  A dart slug (D:1)
  5 bats (D:1)
  12 endoplasms
  9 giant cockroaches
  6 goblins (D:1)
  3 hobgoblins
  8 quokkas
  12 ball pythons
  9 frilled lizards
  3 kobolds
  3 rats (D:1)
77 creatures vanquished.

Notes
Turn   | Place    | Note
-------+----------+-------------------------------------------
     0 | D:1      | lonewolfV2 the Formicid Fighter began the quest for the
                  | Orb.
     0 | D:1      | Reached XP level 1. HP: 18/18 MP: 1/1
   152 | D:1      | Reached XP level 2. HP: 22/24 MP: 2/2
   384 | D:1      | Reached XP level 3. HP: 20/30 MP: 3/3
   478 | D:1      | Reached skill level 4 in Fighting
   856 | D:2      | Noticed Natasha
   865 | D:2      | Killed Natasha
   866 | D:2      | Reached XP level 4. HP: 24/38 MP: 4/4
   947 | D:2      | Noticed Natasha
   954 | D:2      | Killed Natasha
  1104 | D:2      | Noticed Sigmund
  1107 | D:2      | Killed Sigmund
  1108 | D:2      | Reached skill level 5 in Fighting
  1108 | D:2      | Reached XP level 5. HP: 26/45 MP: 5/5
  1108 | D:2      | Reached XP level 6. HP: 29/51 MP: 6/6
  1206 | D:2      | Noticed Natasha
  1216 | D:2      | Killed Natasha
  1490 | D:3      | Found a glowing drain.
  1540 | Sewer    | Entered a sewer
  1975 | Sewer    | Reached skill level 6 in Fighting
  1978 | Sewer    | Slain by a bullfrog

Illustrated notes

Levels and vault maps discovered:
D:1:      dpeg_arrival_rooms_a, layout_loops_ring, feat_on_display
D:2:      layout_basic, uniq_sigmund, uniq_natasha
D:3:      layout_rooms, gup_sewer_entry_glass, minmay_pentomino_pile
Sewer:    sewer_frog_island_02

Skill      XL: |  1  2  3  4  5  6 |
---------------+-------------------+-----
Fighting       | 4 5 6 |  6.0
Axes           | 3 4 |  4.9
Armour         | |  3.2
Shields        | |  4.0

Action                     |  1- 3 |  4- 6 || total
---------------------------+-------+-------++-------
  Melee: War axe           |    71 |   145 ||   216
    Use: Scroll            |     4 |     4 ||     8
 Armour: Scale mail        |    51 |   101 ||   152
  Dodge: Dodged            |    50 |   115 ||   165
  Block: Buckler           |    30 |    75 ||   105
